 Dungeon Crawl Stone Soup version 0.29.1-2-gbd0b4ee654 (webtiles) character file.

Game seed: 10526612185217578825

119 GorkyZ the Shield-Bearer (level 5, -7/39 (42) HPs)
             Began as a Formicid Fighter on Nov 22, 2022.
             Mangled by an iguana (10 damage)
             ... on level 4 of the Dungeon.
             The game lasted 00:07:57 (2314 turns).

GorkyZ the Shield-Bearer (Formicid Fighter)         Turns: 2314, Time: 00:07:57

HP:   -7/39 (42)    AC: 11    Str: 23    XL:     5   Next: 24%
MP:   5/5           EV:  8    Int:  7    God:
Gold: 311           SH:  5    Dex: 13    Spells: 4/4 levels left

rFire   . . .      SeeInvis +   a - +0 war axe
rCold   . . .      Faith    .   c - +0 buckler
rNeg    . . .      Spirit   .   j - +0 chain mail
rPois   .          Reflect  .   (helmet unavailable)
rElec   .          Harm     .   (no cloak)
rCorr   .          Rampage  .   q - +0 pair of gloves
Will    .....                   k - +0 pair of boots
Stlth   ..........              p - amulet of the acrobat
HPRegen 0.13/turn               (no ring)
MPRegen 0.09/turn               (no ring)

@: drained
A: permanent stasis, dig shafts and tunnels, antennae 3, four strong arms
a: Dig, Shaft Self


You were on level 4 of the Dungeon.
You visited 1 branch of the dungeon, and saw 4 of its levels.

You collected 311 gold pieces.

Inventory:

Hand Weapons
 a - a +0 war axe (weapon)
 h - a +0 dagger of draining
Missiles
 t - 3 javelins
Armour
 b - a +0 scale mail
 c - a +0 buckler (worn)
 j - a +0 chain mail (worn)
 k - a +0 pair of boots (worn)
 q - a +0 pair of gloves (worn)
Jewellery
 p - an amulet of the acrobat (around neck)
 x - an amulet of faith
Scrolls
 e - 4 scrolls of identify {unknown}
 i - 4 scrolls of noise {unknown}
 l - a scroll of silence {unknown}
 m - a scroll of blinking {unknown}
 o - a scroll of acquirement {unknown}
 s - a scroll of teleportation {unknown}
 w - a scroll of poison {unknown}
Potions
 d - a potion of might
 f - 3 potions of curing {unknown}
 g - 2 potions of heal wounds {unknown}
 n - a potion of mutation {unknown}
 r - a potion of lignification {unknown}
 u - 2 potions of haste {unknown}
 v - a potion of cancellation {unknown}


   Skills:
 + Level 3.7 Fighting
 + Level 2.5 Axes
 + Level 1.3 Throwing
 + Level 3.8 Armour
 + Level 1.3 Dodging
 + Level 4.5 Shields
 + Level 1.7 Evocations


You had 4 spell levels left.
You didn't know any spells.
Your spell library contained the following spells:

 Spells                   Type           Power      Damage    Failure   Level
 Animate Dead             Necr           0%         N/A       100%        4
 Haunt                    Necr/Summ      0%         N/A       100%        7
 Infestation              Necr           0%         N/A       100%        8


Dungeon Overview and Level Annotations

Branches:
Dungeon (4/15)
 Temple: D:4-7

Altars:
Dithmenos


Innate Abilities, Weirdness & Mutations

You cannot be hasted, slowed, berserked, paralysed or teleported.
You can dig through walls and to a lower floor.
You have a pair of large antennae on your head. (SInv)
Your four strong arms can wield two-handed weapons with a shield.


Message History

The frilled lizard hisses angrily.
Ijyb misses you.
You closely miss Ijyb.
Ijyb is almost dead.
Ijyb hits you but does no damage.
Ijyb zaps a wand.
The roots erupt in riotous growth!
The grasping roots grab you!
Ijyb is unaffected.
The now-empty wand crumbles to dust.
The grasping roots constrict you.
* * * LOW HITPOINT WARNING * * *
You hear an angry hiss. x2
You escape the roots grasp.
Ijyb completely misses you.
You closely miss Ijyb.
Ijyb is almost dead.
Ijyb hits you with a +0 dagger.
* * * LOW HITPOINT WARNING * * *
Ijyb hits you with a +0 dagger.
* * * LOW HITPOINT WARNING * * *
You hit Ijyb.
You kill Ijyb!
An iguana comes into view.
You have reached level 5!
You miss the frilled lizard. You block the frilled lizard's attack.
The frilled lizard bites you but does no damage.
You closely miss the frilled lizard.
The frilled lizard bites you but does no damage.
You slash the frilled lizard!
You kill the frilled lizard!
A frilled lizard comes into view.
Found 15 gold pieces.
Found a stone staircase leading down.
You see here 15 gold pieces.
The iguana attacks as you move away! You block the iguana's attack.
The iguana misses you.
You hit the iguana but do no damage. The iguana bites you.
* * * LOW HITPOINT WARNING * * *
You hit the iguana.
The iguana is moderately wounded.
The iguana bites you!
You die...

###.# ######## ....
.......
##.#########.###.
###...##...........
#...$......l.......
#.#..{##.#####..)).
##.###.# #.....
..#######.# #.#
#.###. .......@l.#
#.# .....{{
.##.#.##### #.#
##.###.. # #.#
#.#..## #.# #.#.#
#>#. #


You could see an iguana.

Vanquished Creatures
  Ijyb (D:4)
  An adder (D:2)
  A worm (D:3)
  4 dart slugs
  4 orcs
  7 ball pythons
  3 endoplasms
  A giant cockroach (D:1)
  A goblin (D:3)
  4 hobgoblins
  19 jackals
  2 kobolds
  3 quokkas
  2 bats
  8 frilled lizards
  4 rats
65 creatures vanquished.

Vanquished Creatures (others)
  14 plants
14 creatures vanquished.

Grand Total: 79 creatures vanquished

Notes
Turn   | Place    | Note
-------+----------+-------------------------------------------
     0 | D:1      | GorkyZ the Formicid Fighter began the quest for the Orb.
     0 | D:1      | Reached XP level 1. HP: 18/18 MP: 1/1
   231 | D:1      | Found a faded altar of an unknown god.
   236 | D:1      | Reached XP level 2. HP: 24/24 MP: 2/2
   438 | D:1      | Reached XP level 3. HP: 26/29 MP: 3/3
   720 | D:2      | Reached skill level 1 in Evocations
   866 | D:2      | Reached XP level 4. HP: 35/35 MP: 4/4
  1488 | D:3      | Reached skill level 1 in Dodging
  1491 | D:3      | Reached skill level 1 in Throwing
  1871 | D:3      | Found a shadowy altar of Dithmenos.
  2266 | D:4      | Noticed Ijyb
  2291 | D:4      | HP: 1/31 [Ijyb/+0 dagger (2)]
  2292 | D:4      | Killed Ijyb
  2293 | D:4      | Reached XP level 5. HP: 2/39 MP: 5/5
  2314 | D:4      | Mangled by an iguana

Illustrated notes

Levels and vault maps discovered:
D:1:      lightli_arrival_statuegarden, layout_rooms,
          hellmonk_ecumenical_altar_blasted
D:2:      layout_rooms, serial_forest, infiniplex_forest_clump_cross,
          infiniplex_forest_end_2, infiniplex_forest_zigzag_1,
          infiniplex_forest_clump_tiny, infiniplex_forest_clump_double,
          infiniplex_forest_clump_double, roderic_serpentine_path,
          corexii_leaking_fountain, grunt_ministairs_13
D:3:      layout_loops_ring, marbit_many_paths, grunt_decor_one_mirror
D:4:      layout_loops_ring, minmay_lizard_king, uniq_ijyb

Skill      XL: |  1  2  3  4 |
---------------+-------------+-----
Evocations     | 1 |  1.7
Dodging        | 1 |  1.3
Throwing       | 1 |  1.3
Fighting       | |  3.7
Axes           | |  2.5
Armour         | |  3.8
Shields        | |  4.5

Action                   |  1- 3 |  4- 6 || total
-------------------------+-------+-------++-------
Melee: War axe           |    39 |   114 ||   153
       Dagger            |    37 |       ||    37
 Abil: Dig               |       |     1 ||     1
Armor: Scale mail        |    29 |       ||    29
       Chain mail        |    34 |    67 ||   101
Dodge: Dodged            |    58 |    66 ||   124
Block: Buckler           |    25 |    32 ||    57
